| TOP OF THE 1ST |
|
Reading Fightin Phils batting - Pitching for Jacksonville Suns : RHP Pat Siebert
|
|
Pitching: RHP Pat Siebert
|
|
|
Batting: RHB Tony Perez
|
0-0: Foul Ball, location: 2F 0-1: Swinging Strike 0-2: Foul Ball, location: 2F 0-2: Fly out, F5 (Popup, 15S, EV 89.4 MPH)
|
|
Batting: RHB Chris Myers
|
0-0: Called Strike 0-1: Called Strike 0-2: Ball 1-2: Ball 2-2: Ground out 6-3 (Groundball, 6, EV 77.5 MPH)
|
|
Batting: RHB Alan Weller
|
0-0: Called Strike 0-1: Ball 1-1: Ball 2-1: Called Strike 2-2: Strikes out swinging
|
| Top of the 1st over - 0 runs, 0 hits, 0 errors, 0 left on base; Reading 0 - Jacksonville 0 |
| BOTTOM OF THE 1ST |
|
Jacksonville Suns batting - Pitching for Reading Fightin Phils : RHP Jeremy Trotter
|
|
Pitching: RHP Jeremy Trotter
|
|
|
Batting: RHB Boof Howell
|
0-0: Swinging Strike 0-1: Bunted foul 0-2: Ball 1-2: Fly out, F8 (Flyball, 8RD, EV 72.5 MPH)
|
|
Batting: LHB Dong-u Chang
|
0-0: Swinging Strike 0-1: Foul Ball, location: 2F 0-2: Strikes out swinging
|
|
Batting: LHB Matt McKeon
|
0-0: Called Strike 0-1: Swinging Strike 0-2: Foul Ball, location: 2F 0-2: Ball 1-2: Strikes out swinging
|
| Bottom of the 1st over - 0 runs, 0 hits, 0 errors, 0 left on base; Reading 0 - Jacksonville 0 |
| TOP OF THE 2ND |
|
Reading Fightin Phils batting - Pitching for Jacksonville Suns : RHP Pat Siebert
|
|
Batting: RHB Guan-pei Gao
|
0-0: Called Strike 0-1: Swinging Strike 0-2: Foul Ball, location: 2F 0-2: Ball 1-2: Strikes out looking
|
|
Batting: RHB Pablo Lopez
|
0-0: Swinging Strike 0-1: Ground out 5-3 (Groundball, 56, EV 107.5 MPH)
|
|
Batting: LHB Alex Fernandez
|
0-0: SINGLE (Line Drive, 8RS, EV 93.1 MPH)
|
|
Batting: LHB Danny Zuniga
|
0-0: SINGLE (Groundball, 34D, EV 106.9 MPH) Alex Fernandez to second Runner from 2nd tries for 3rd, SAFE, throw by RF made to third
|
|
Batting: LHB Doug Frampton
|
0-0: Ball 1-0: Foul Ball, location: 2F 1-1: Called Strike 1-2: Strikes out looking
|
| Top of the 2nd over - 0 runs, 2 hits, 0 errors, 2 left on base; Reading 0 - Jacksonville 0 |
| BOTTOM OF THE 2ND |
|
Jacksonville Suns batting - Pitching for Reading Fightin Phils : RHP Jeremy Trotter
|
|
Batting: RHB Akira Suzuki
|
0-0: Ball 1-0: Foul Ball, location: 2F 1-1: Foul Ball, location: 2F 1-2: Ball 2-2: Fly out, F8 (Line Drive, 8RD, EV 106.2 MPH)
|
|
Batting: SHB Matt Moore
|
0-0: Ball 1-0: Ball 2-0: Ball 3-0: Called Strike 3-1: Base on Balls
|
|
Batting: RHB Larry LeFever
|
0-0: Ball 1-0: Swinging Strike 1-1: Ball 2-1: Ball 3-1: Foul Ball, location: 2F 3-2: TRIPLE (Flyball, 9LD, EV 99.4 MPH) Matt Moore scores
|
|
Batting: LHB Carlos Mosqueda
|
0-0: Ball 1-0: Ball 2-0: Called Strike 2-1: Ground out U3 (Groundball, 3L, EV 86.2 MPH)
|
|
Batting: RHB Tom Thompson
|
0-0: Ball 1-0: SINGLE (Groundball, 34D, EV 103.8 MPH) Larry LeFever scores
|
|
Batting: LHB Orlando Rivera
|
0-0: Ball 1-0: Ball 2-0: Ball 3-0: Called Strike 3-1: Base on Balls Tom Thompson to second
|
|
Batting: RHB Boof Howell
|
0-0: Foul Ball, location: 2F 0-1: Fielders Choice at 2nd, 5-4 (Groundball, 56, EV 80.6 MPH)
|
| Bottom of the 2nd over - 2 runs, 2 hits, 0 errors, 2 left on base; Reading 0 - Jacksonville 2 |
| TOP OF THE 3RD |
|
Reading Fightin Phils batting - Pitching for Jacksonville Suns : RHP Pat Siebert
|
|
Batting: RHB Prabhukumar Santhanakrishnan
|
0-0: Ball 1-0: Foul Ball, location: 2F 1-1: Ball 2-1: Ball 3-1: Base on Balls
|
|
Batting: RHB Tony Perez
|
0-0: Ball 1-0: Foul Ball, location: 2F 1-1: Ball 2-1: Ball Prabhukumar Santhanakrishnan steals 2nd base 3-1: Base on Balls
|
|
Batting: RHB Chris Myers
|
0-0: Foul Ball, location: 2F 0-1: Fly out, F8 (Flyball, 78M, EV 89.4 MPH)
|
|
Batting: RHB Alan Weller
|
0-0: Swinging Strike 0-1: Ball 1-1: Foul Ball, location: 2F 1-2: SINGLE (Groundball, 3S, EV 73.8 MPH) (infield hit) Prabhukumar Santhanakrishnan to third Tony Perez to second
|
|
Batting: RHB Guan-pei Gao
|
0-0: Called Strike 0-1: Called Strike 0-2: Ball 1-2: Foul Ball, location: 2F 1-2: Ball 2-2: SINGLE (Flyball, 6D, EV 91.9 MPH) Prabhukumar Santhanakrishnan scores Tony Perez to third Alan Weller to second
|
|
Batting: RHB Pablo Lopez
|
0-0: Foul Ball, location: 2F 0-1: Swinging Strike 0-2: Foul Ball, location: 2F 0-2: Ball 1-2: Ball 2-2: Foul Ball, location: 2F 2-2: Fly out, F9 (Flyball, 89S, EV 83.1 MPH)
|
|
Batting: LHB Alex Fernandez
|
0-0: Fly out, F8 (Line Drive, 8RM, EV 95.0 MPH)
|
| Top of the 3rd over - 1 run, 2 hits, 0 errors, 3 left on base; Reading 1 - Jacksonville 2 |
| BOTTOM OF THE 3RD |
|
Jacksonville Suns batting - Pitching for Reading Fightin Phils : RHP Jeremy Trotter
|
|
Batting: LHB Dong-u Chang
|
0-0: Called Strike 0-1: Ball 1-1: Ball 2-1: SINGLE (Groundball, 25, EV 75.0 MPH) (infield hit)
|
|
Batting: LHB Matt McKeon
|
0-0: Called Strike Dong-u Chang steals 2nd, throwing error, E2 Dong-u Chang to third 0-1: Ball 1-1: Ball 2-1: Foul Ball, location: 2F 2-2: Strikes out swinging
|
|
Batting: RHB Akira Suzuki
|
0-0: Swinging Strike 0-1: Ball 1-1: Foul Ball, location: 2F 1-2: Ground out 5-3 (Groundball, 56, EV 110.0 MPH) Dong-u Chang scores
|
|
Batting: SHB Matt Moore
|
0-0: Ball 1-0: Ball 2-0: Ball 3-0: Base on Balls
|
|
Batting: RHB Larry LeFever
|
0-0: Swinging Strike 0-1: Swinging Strike 0-2: Ground out 4-3 (Groundball, 34, EV 85.0 MPH)
|
| Bottom of the 3rd over - 1 run, 1 hit, 1 error, 1 left on base; Reading 1 - Jacksonville 3 |
| TOP OF THE 4TH |
|
Reading Fightin Phils batting - Pitching for Jacksonville Suns : RHP Pat Siebert
|
|
Batting: LHB Danny Zuniga
|
0-0: Ball 1-0: SINGLE (Groundball, 34D, EV 100.0 MPH)
|
|
Batting: LHB Doug Frampton
|
0-0: Grounds into double play, 4-6-3 (Groundball, 34, EV 83.1 MPH)
|
|
Batting: RHB Prabhukumar Santhanakrishnan
|
0-0: Foul Ball, location: 2F 0-1: Swinging Strike 0-2: Hit by Pitch
|
|
Batting: RHB Tony Perez
|
0-0: Foul Ball, location: 2F 0-1: Called Strike 0-2: Ball Wild Pitch! Prabhukumar Santhanakrishnan to second 1-2: Reaches on Catchers interference
|
|
Batting: RHB Chris Myers
|
0-0: Called Strike 0-1: Ball 1-1: Called Strike 1-2: Fielders Choice at 2nd, 5-4 (Groundball, 56, EV 80.0 MPH)
|
| Top of the 4th over - 0 runs, 1 hit, 1 error, 2 left on base; Reading 1 - Jacksonville 3 |
| BOTTOM OF THE 4TH |
|
Jacksonville Suns batting - Pitching for Reading Fightin Phils : RHP Jeremy Trotter
|
|
Batting: LHB Carlos Mosqueda
|
0-0: Ground out U3 (Groundball, 34, EV 100.6 MPH)
|
|
Batting: RHB Tom Thompson
|
0-0: Ground out U3 (Groundball, 34S, EV 78.1 MPH)
|
|
Batting: LHB Orlando Rivera
|
0-0: Ball 1-0: Foul Ball, location: 2F 1-1: Foul Ball, location: 2F 1-2: Ball 2-2: Foul Ball, location: 2F 2-2: Foul Ball, location: 2F 2-2: Ball 3-2: Foul Ball, location: 2F 3-2: Base on Balls
|
|
Batting: RHB Boof Howell
|
0-0: Called Strike 0-1: Ball 1-1: Called Strike 1-2: Ball 2-2: Foul Ball, location: 2F 2-2: Fly out, F7 (Flyball, 7LM, EV 91.2 MPH)
|
| Bottom of the 4th over - 0 runs, 0 hits, 0 errors, 1 left on base; Reading 1 - Jacksonville 3 |
| TOP OF THE 5TH |
|
Reading Fightin Phils batting - Pitching for Jacksonville Suns : RHP Pat Siebert
|
|
Batting: RHB Alan Weller
|
0-0: Called Strike 0-1: Foul Ball, location: 2F 0-2: Ground out 4-3 (Groundball, 4, EV 90.6 MPH)
|
|
Batting: RHB Guan-pei Gao
|
0-0: Called Strike 0-1: Ball 1-1: Called Strike 1-2: Ball 2-2: Ground out 3-1 (Groundball, 13, EV 83.1 MPH)
|
|
Batting: RHB Pablo Lopez
|
0-0: SINGLE (Groundball, 6M, EV 98.8 MPH)
|
|
Batting: LHB Alex Fernandez
|
0-0: Ball 1-0: SINGLE (Groundball, 34D, EV 103.1 MPH) Pablo Lopez to second Runner from 2nd tries for 3rd, SAFE, throw by RF made at trailing runner, OUT! 9-6
|
| Top of the 5th over - 0 runs, 2 hits, 0 errors, 1 left on base; Reading 1 - Jacksonville 3 |
| BOTTOM OF THE 5TH |
|
Jacksonville Suns batting - Pitching for Reading Fightin Phils : RHP Jeremy Trotter
|
|
Batting: LHB Dong-u Chang
|
0-0: Ball 1-0: TRIPLE (Flyball, 89XD, EV 106.2 MPH)
|
|
Batting: LHB Matt McKeon
|
0-0: Ball 1-0: Ball 2-0: Called Strike 2-1: Swinging Strike 2-2: Ground out U3 (Groundball, 3, EV 101.9 MPH)
|
|
Batting: RHB Akira Suzuki
|
0-0: SINGLE (Line Drive, 56, EV 105.6 MPH) Dong-u Chang scores
|
|
Batting: SHB Matt Moore
|
0-0: Ball 1-0: DOUBLE (Line Drive, 9LM, EV 112.5 MPH) Akira Suzuki to third
|
|
Batting: RHB Larry LeFever
|
0-0: Ball 1-0: Foul Ball, location: 2F 1-1: Foul Ball, location: 2F 1-2: Strikes out looking
|
|
Pitching: RHP John Hughes
|
|
|
Batting: LHB Carlos Mosqueda
|
0-0: Ball 1-0: Called Strike 1-1: Ground out 5-3 (Groundball, 5, EV 83.1 MPH)
|
| Bottom of the 5th over - 1 run, 3 hits, 0 errors, 2 left on base; Reading 1 - Jacksonville 4 |
| TOP OF THE 6TH |
|
Reading Fightin Phils batting - Pitching for Jacksonville Suns : RHP Pat Siebert
|
|
Batting: LHB Danny Zuniga
|
0-0: Ball 1-0: Foul Ball, location: 2F 1-1: Ball 2-1: Ground out 4-3 (Groundball, 4, EV 83.8 MPH)
|
|
Batting: LHB Doug Frampton
|
0-0: Called Strike 0-1: Ball 1-1: Swinging Strike 1-2: Strikes out swinging
|
|
Batting: RHB Prabhukumar Santhanakrishnan
|
0-0: Ball 1-0: Ground out 6-3 (Groundball, 6S, EV 81.9 MPH)
|
| Top of the 6th over - 0 runs, 0 hits, 0 errors, 0 left on base; Reading 1 - Jacksonville 4 |
| BOTTOM OF THE 6TH |
|
Jacksonville Suns batting - Pitching for Reading Fightin Phils : RHP John Hughes
|
|
Batting: RHB Tom Thompson
|
0-0: Foul Ball, location: 2F 0-1: Ball 1-1: Ball 2-1: Ball 3-1: Foul Ball, location: 2F 3-2: Fly out, F7 (Line Drive, 78S, EV 110.6 MPH)
|
|
Batting: LHB Orlando Rivera
|
0-0: Ball 1-0: Called Strike 1-1: Swinging Strike 1-2: Ball 2-2: Ball 3-2: Strikes out swinging
|
|
Batting: RHB Boof Howell
|
0-0: Called Strike 0-1: Called Strike 0-2: Ball 1-2: Ball 2-2: Ball 3-2: Base on Balls
|
|
Batting: LHB Dong-u Chang
|
0-0: Ball Pickoff Throw to First - Out! 1-3
|
| Bottom of the 6th over - 0 runs, 0 hits, 0 errors, 0 left on base; Reading 1 - Jacksonville 4 |
| TOP OF THE 7TH |
|
Reading Fightin Phils batting - Pitching for Jacksonville Suns : RHP Pat Siebert
|
|
Batting: RHB Tony Perez
|
0-0: Called Strike 0-1: Ball 1-1: Ball 2-1: Ground out 6-3 (Groundball, 56, EV 96.2 MPH)
|
|
Batting: RHB Chris Myers
|
0-0: Called Strike 0-1: Swinging Strike 0-2: Strikes out looking
|
|
Batting: RHB Alan Weller
|
0-0: Ball 1-0: Foul Ball, location: 2F 1-1: Ground out 5-3 (Groundball, 56, EV 81.2 MPH)
|
| Top of the 7th over - 0 runs, 0 hits, 0 errors, 0 left on base; Reading 1 - Jacksonville 4 |
| BOTTOM OF THE 7TH |
|
Jacksonville Suns batting - Pitching for Reading Fightin Phils : RHP John Hughes
|
|
Batting: LHB Dong-u Chang
|
0-0: Ball 1-0: Ball 2-0: Called Strike 2-1: Ball 3-1: Base on Balls
|
|
Batting: LHB Matt McKeon
|
0-0: Called Strike Dong-u Chang steals 2nd base 0-1: Foul Ball, location: 2F 0-2: Foul Ball, location: 2F 0-2: Fly out, F8 (Flyball, 8RXD, EV 101.9 MPH) Runner from 2nd tags up, SAFE at 3rd, no throw by CF
|
|
Batting: RHB Akira Suzuki
|
0-0: Called Strike 0-1: Swinging Strike 0-2: Strikes out looking
|
|
Batting: SHB Matt Moore
|
0-0: Foul Ball, location: 2F 0-1: Ball 1-1: Swinging Strike 1-2: Foul Ball, location: 2F 1-2: Strikes out swinging
|
| Bottom of the 7th over - 0 runs, 0 hits, 0 errors, 1 left on base; Reading 1 - Jacksonville 4 |
| TOP OF THE 8TH |
|
Reading Fightin Phils batting - Pitching for Jacksonville Suns : RHP Pat Siebert
|
|
Pitching: RHP Campbell Wagenmakers
|
|
|
Batting: RHB Guan-pei Gao
|
0-0: SINGLE (Groundball, 34D, EV 98.1 MPH)
|
|
Batting: RHB Pablo Lopez
|
0-0: Ball 1-0: Called Strike 1-1: Ball 2-1: Fly out, F8 (Flyball, 8LD, EV 91.9 MPH)
|
|
Batting: LHB Alex Fernandez
|
0-0: Ball 1-0: Ball 2-0: Called Strike 2-1: Ball 3-1: Foul Ball, location: 2F 3-2: Strikes out swinging
|
|
Batting: LHB Danny Zuniga
|
0-0: Swinging Strike 0-1: Ball 1-1: Called Strike 1-2: Fly out, F9 (Flyball, 89M, EV 95.6 MPH)
|
| Top of the 8th over - 0 runs, 1 hit, 0 errors, 1 left on base; Reading 1 - Jacksonville 4 |
| BOTTOM OF THE 8TH |
|
Jacksonville Suns batting - Pitching for Reading Fightin Phils : RHP John Hughes
|
|
Pitching: RHP Ron Knowles
|
|
|
Batting: RHB Larry LeFever
|
0-0: Ball 1-0: Called Strike 1-1: Called Strike 1-2: Ball 2-2: Foul Ball, location: 2F 2-2: Strikes out swinging
|
|
Batting: LHB Carlos Mosqueda
|
0-0: Ball 1-0: Ball 2-0: Called Strike 2-1: Ball 3-1: SOLO HOME RUN (Flyball, 9D, EV 106.2 MPH), Distance : 405 ft
|
|
Batting: RHB Tom Thompson
|
0-0: Foul Ball, location: 2F 0-1: Ball 1-1: Fly out, F8 (Flyball, 8RD, EV 97.5 MPH)
|
|
Batting: LHB Orlando Rivera
|
0-0: Ball 1-0: Reached on error, E4 (Groundball, 34D, EV 105.6 MPH)
|
|
Batting: RHB Boof Howell
|
0-0: Called Strike Orlando Rivera steals 2nd base 0-1: Called Strike 0-2: Ball 1-2: Fly out, F7 (Line Drive, 78M, EV 96.2 MPH)
|
| Bottom of the 8th over - 1 run, 1 hit, 1 error, 1 left on base; Reading 1 - Jacksonville 5 |
| TOP OF THE 9TH |
|
Reading Fightin Phils batting - Pitching for Jacksonville Suns : RHP Campbell Wagenmakers
|
|
Batting: LHB Doug Frampton
|
0-0: Swinging Strike 0-1: Ball 1-1: Ball 2-1: Ball 3-1: Swinging Strike 3-2: Strikes out swinging
|
|
Batting: RHB Prabhukumar Santhanakrishnan
|
0-0: Ball 1-0: Ball 2-0: Called Strike 2-1: Called Strike 2-2: Strikes out swinging
|
|
Batting: RHB Tony Perez
|
0-0: Ball 1-0: Ball 2-0: Ball 3-0: Called Strike 3-1: SINGLE (Flyball, 34D, EV 85.6 MPH)
|
|
Batting: RHB Chris Myers
|
0-0: Ball 1-0: Ball 2-0: Called Strike 2-1: Called Strike 2-2: Ball 3-2: Foul Ball, location: 2F 3-2: Ground out 6-3 (Groundball, 6, EV 85.0 MPH)
|
| Top of the 9th over - 0 runs, 1 hit, 0 errors, 1 left on base; Reading 1 - Jacksonville 5 |
|